PBL
OAKLAND ATHLETICS @ CLEVELAND INDIANS
03/10/2071
 
TOP OF THE 1ST
Oakland Athletics batting - Pitching for Cleveland Indians : LHP Maresuke Ono
Pitching: LHP Maresuke Ono
Batting: RHB Pablo Ayala 0-0: Called Strike
0-1: Fly out, F8 (Flyball, 8RM, EV 90.0 MPH)
Batting: LHB Roberto Canó 0-0: Fly out, F8 (Flyball, 8RD, EV 96.9 MPH)
Batting: LHB Félix Castillo 0-0: Ball
1-0: Foul Ball, location: 7LSF
1-1: Called Strike
1-2: Foul Ball, location: 9LSF
1-2: Ball
2-2: Ball
3-2: Foul Ball, location: 7LSF
3-2: Foul Ball, location: 3SF
3-2: Foul Ball, location: 25FF
3-2: Foul Ball, location: 9LDF
3-2: Foul Ball, location: 5FF
3-2: Ground out 1-3 (Groundball, 34S, EV 70.0 MPH)
Top of the 1st over - 0 runs, 0 hits, 0 errors, 0 left on base; Oakland 0 - Cleveland 0
BOTTOM OF THE 1ST
Cleveland Indians batting - Pitching for Oakland Athletics : LHP Craig Brooks
Pitching: LHP Craig Brooks
Batting: RHB Ramón Murillo 0-0: Ball
1-0: Ball
2-0: Ball
3-0: Called Strike
3-1: Base on Balls
Batting: RHB Hubert Merritt 0-0: Called Strike
0-1: Ball
1-1: Called Strike
1-2: Fly out, F8 (Flyball, 89M, EV 81.3 MPH)
Batting: LHB Tony Locke 0-0: Called Strike
0-1: Foul Ball, location: 2F
0-2: Strikes out looking
Batting: RHB Juan Galindo 0-0: Ball
1-0: Swinging Strike
1-1: Ball
2-1: Foul Ball, location: 5F
2-2: Foul Ball, location: 2F
2-2: Foul Ball, location: 9LMF
2-2: Ball
3-2: SINGLE (Line Drive, 89S, EV 99.4 MPH)
Ramón Murillo to second
Ramón Murillo to third
Batting: LHB Harumi Sato 0-0: Called Strike
0-1: Ball
1-1: Foul Ball, location: 2F
1-2: Ball
2-2: Foul Ball, location: 7LMF
2-2: DOUBLE (Flyball, 5D, EV 93.8 MPH)
Ramón Murillo scores
Juan Galindo to third
Runner from 3rd tries for Home, throw by LF and OUT! 7-6-2
Bottom of the 1st over - 1 run, 2 hits, 0 errors, 1 left on base; Oakland 0 - Cleveland 1
TOP OF THE 2ND
Oakland Athletics batting - Pitching for Cleveland Indians : LHP Maresuke Ono
Batting: SHB Steve Howard 0-0: Fly out, F9 (Flyball, 9LM, EV 98.1 MPH)
Batting: RHB Chester Edwards 0-0: Ball
1-0: Called Strike
1-1: Foul Ball, location: 23F
1-2: Foul Ball, location: 5F
1-2: Strikes out looking
Batting: LHB José Pelingo 0-0: Fly out, F9 (Flyball, 9LMF, EV 91.9 MPH)
Top of the 2nd over - 0 runs, 0 hits, 0 errors, 0 left on base; Oakland 0 - Cleveland 1
BOTTOM OF THE 2ND
Cleveland Indians batting - Pitching for Oakland Athletics : LHP Craig Brooks
Batting: SHB Adam Emery 0-0: Called Strike
0-1: Ball
1-1: Swinging Strike
1-2: Ball
2-2: SOLO HOME RUN (Flyball, 78XD, EV 110.6 MPH), Distance : 434 ft
Batting: RHB Cheung Fang 0-0: Called Strike
0-1: Fly out, F7 (Flyball, 7D, EV 103.8 MPH)
Batting: SHB Vince Smith 0-0: Ball
1-0: Ball
2-0: Ball
3-0: Called Strike
3-1: DOUBLE (Flyball, 89D, EV 89.4 MPH)
Batting: LHB Bill Martínez 0-0: Foul Ball, location: 2F
0-1: Swinging Strike
0-2: Ball
1-2: Ball
2-2: Ground out 4-3 (Groundball, 34, EV 82.5 MPH)
Vince Smith to third
Batting: RHB Ramón Murillo 0-0: Ball
1-0: Called Strike
1-1: Called Strike
1-2: Ball
2-2: DOUBLE (Groundball, 5L, EV 101.3 MPH)
Vince Smith scores
Batting: RHB Hubert Merritt 0-0: Ground out U3 (Groundball, 3S, EV 68.1 MPH)
Bottom of the 2nd over - 2 runs, 3 hits, 0 errors, 1 left on base; Oakland 0 - Cleveland 3
TOP OF THE 3RD
Oakland Athletics batting - Pitching for Cleveland Indians : LHP Maresuke Ono
Batting: RHB Lee Collins 0-0: Called Strike
0-1: Foul Ball, location: 9LDF
0-2: SINGLE (Line Drive, 5D, EV 105.6 MPH)
Batting: RHB Clarence Jones 0-0: Swinging Strike
0-1: Ball
1-1: Swinging Strike
1-2: Ball
2-2: Strikes out swinging
Batting: RHB Tom Yarbrough 0-0: Swinging Strike
Lee Collins steals 2nd base
0-1: Swinging Strike
0-2: Ball
1-2: Ball
2-2: Ball
3-2: Ground out 5-3 (Groundball, 56, EV 86.9 MPH)
Batting: RHB Pablo Ayala 0-0: Foul Ball, location: 5FF
0-1: Fly out, F9 (Flyball, 89S, EV 93.1 MPH)
Top of the 3rd over - 0 runs, 1 hit, 0 errors, 1 left on base; Oakland 0 - Cleveland 3
BOTTOM OF THE 3RD
Cleveland Indians batting - Pitching for Oakland Athletics : LHP Craig Brooks
Pitching: RHP Theodore Rigsby
Batting: LHB Tony Locke 0-0: Called Strike
0-1: Ball
1-1: Foul Ball, location: 25F
1-2: Foul Ball, location: 7LDF
1-2: Ball
2-2: Strikes out swinging
Batting: RHB Juan Galindo 0-0: Called Strike
0-1: Foul Ball, location: 2F
0-2: Fly out, F8 (Flyball, 8RD, EV 96.3 MPH)
Batting: LHB Harumi Sato 0-0: Foul Ball, location: 3SF
0-1: Foul Ball, location: 7LSF
0-2: Ground out 4-3 (Groundball, 4, EV 88.1 MPH)
Bottom of the 3rd over - 0 runs, 0 hits, 0 errors, 0 left on base; Oakland 0 - Cleveland 3
TOP OF THE 4TH
Oakland Athletics batting - Pitching for Cleveland Indians : LHP Maresuke Ono
Batting: LHB Roberto Canó 0-0: Foul Ball, location: 3F
0-1: Ball
1-1: Foul Ball, location: 5F
1-2: Foul Ball, location: 25F
1-2: Strikes out looking
Batting: LHB Félix Castillo 0-0: Foul Ball, location: 23F
0-1: Ball
1-1: SOLO HOME RUN (Flyball, 9D, EV 99.4 MPH), Distance : 410 ft
Batting: SHB Steve Howard 0-0: Ball
1-0: Ball
2-0: Ball
3-0: Ground out U3 (Groundball, 3, EV 105.0 MPH)
Batting: RHB Chester Edwards 0-0: Ball
1-0: Ground out 6-3 (Groundball, 6, EV 85.0 MPH)
Top of the 4th over - 1 run, 1 hit, 0 errors, 0 left on base; Oakland 1 - Cleveland 3
BOTTOM OF THE 4TH
Cleveland Indians batting - Pitching for Oakland Athletics : RHP Theodore Rigsby
Batting: SHB Adam Emery 0-0: Called Strike
0-1: Swinging Strike
0-2: Ball
1-2: TRIPLE (Flyball, 9D, EV 106.3 MPH)
Batting: RHB Cheung Fang 0-0: Called Strike
0-1: Foul Ball, location: 5F
0-2: Strikes out looking
Batting: SHB Vince Smith 0-0: Ball
1-0: Foul Ball, location: 2F
1-1: SINGLE (Groundball, 34D, EV 103.8 MPH)
Adam Emery scores
Batting: LHB Bill Martínez 0-0: TRIPLE (Flyball, 89XD, EV 98.1 MPH)
Vince Smith scores
Pinch Hitting: RHB Cisco Reyes 0-0: Ball
1-0: Ball
2-0: Foul Ball, location: 2F
2-1: Ball
3-1: Foul Ball, location: 3SF
3-2: SINGLE (Flyball, 78S, EV 84.4 MPH)
Bill Martínez scores
Pitching: RHP Carlos Martínez
Pinch Hitting: LHB Jorge Morán 0-0: Ball
1-0: Ball
2-0: Called Strike
2-1: Fly out, F7 (Flyball, 7, EV 82.5 MPH)
Batting: LHB Tony Locke 0-0: Called Strike
0-1: Ball
1-1: Ball
2-1: Ground out 4-3 (Groundball, 4, EV 94.4 MPH)
Bottom of the 4th over - 3 runs, 4 hits, 0 errors, 1 left on base; Oakland 1 - Cleveland 6
TOP OF THE 5TH
Oakland Athletics batting - Pitching for Cleveland Indians : LHP Maresuke Ono
Now at C: Nathaniel Tomsett
Now at SS: Albin Gilbert
Now in LF: Jorge Morán
Now in CF: Wilber Lahoda
Batting: LHB José Pelingo 0-0: Ball
1-0: Called Strike
1-1: Swinging Strike
1-2: Strikes out swinging
Batting: RHB Lee Collins 0-0: Fly out, F3 (Popup, 23F, EV 91.3 MPH)
Batting: RHB Clarence Jones 0-0: Foul Ball, location: 2F
0-1: Ball
1-1: Ball
2-1: Foul Ball, location: 23F
2-2: Strikes out swinging
Top of the 5th over - 0 runs, 0 hits, 0 errors, 0 left on base; Oakland 1 - Cleveland 6
BOTTOM OF THE 5TH
Cleveland Indians batting - Pitching for Oakland Athletics : RHP Carlos Martínez
Pitching: RHP Quinn Davis
Pinch Hitting: RHB Mike Robinson 0-0: Foul Ball, location: 2F
0-1: SINGLE (Line Drive, 9S, EV 101.3 MPH)
Batting: LHB Harumi Sato 0-0: Swinging Strike
0-1: Fly out, F2 (Popup, 2LF, EV 93.1 MPH)
Batting: SHB Adam Emery
Pinch Hitting: RHB Gonzalo González 0-0: Foul Ball, location: 9LMF
0-1: Ball
1-1: Ball
2-1: Foul Ball, location: 2F
2-2: Ball
3-2: Foul Ball, location: 2F
3-2: Fly out, F4 (Popup, 34, EV 65.6 MPH)
Batting: RHB Cheung Fang 0-0: Ball
1-0: Ball
Wild Pitch!
Mike Robinson to second
2-0: Ball
3-0: Base on Balls
Batting: RHB Wilber Lahoda 0-0: Called Strike
0-1: Fly out, F2 (Popup, 13S, EV 87.5 MPH)
Bottom of the 5th over - 0 runs, 1 hit, 0 errors, 2 left on base; Oakland 1 - Cleveland 6
TOP OF THE 6TH
Oakland Athletics batting - Pitching for Cleveland Indians : LHP Maresuke Ono
Pitching: RHP Ricardo Sousa
Now at 2B: Mike Robinson
Now at 3B: Gonzalo González
Batting: RHB Tom Yarbrough 0-0: Ball
1-0: Ball
2-0: Swinging Strike
2-1: SINGLE (Line Drive, 8RS, EV 90.6 MPH)
Pinch Hitting: RHB Jorge Ibarra 0-0: Ball
1-0: Foul Ball, location: 7LDF
1-1: Called Strike
1-2: Ball
2-2: Strikes out swinging
Pinch Hitting: RHB Ed Burch 0-0: Ball
1-0: Called Strike
1-1: Called Strike
1-2: Ball
2-2: Ball
3-2: Strikes out swinging
Pinch Hitting: RHB Roberto Morán 0-0: Ball
1-0: SINGLE (Line Drive, 9S, EV 103.1 MPH)
Tom Yarbrough to second
Pinch Hitting: RHB Matt Farley 0-0: Foul Ball, location: 9LMF
0-1: Ball
1-1: Foul Ball, location: 3F
1-2: Fielders Choice at 2nd, 6-4 (Groundball, 6, EV 101.9 MPH)
Top of the 6th over - 0 runs, 2 hits, 0 errors, 2 left on base; Oakland 1 - Cleveland 6
BOTTOM OF THE 6TH
Cleveland Indians batting - Pitching for Oakland Athletics : RHP Quinn Davis
Pitching: LHP Spike Brown
Now at C: Calvin Baird
Now at 1B: Dylan Zobrist
Now at 2B: Ed Burch
Now in LF: Matt Farley
Now in CF: Roberto Morán
Now in RF: Paul Wever
Batting: RHB Albin Gilbert 0-0: Ball
1-0: Ground out 4-3 (Groundball, 4, EV 86.9 MPH)
Batting: SHB Nathaniel Tomsett 0-0: Ball
1-0: Ground out 4-3 (Groundball, 34D, EV 98.8 MPH)
Batting: LHB Jorge Morán 0-0: SINGLE (Line Drive, 34D, EV 95.0 MPH)
Pinch Hitting: LHB Ralph Brunskill 0-0: Ball
1-0: Called Strike
1-1: Fly out, F8 (Flyball, 8RXD, EV 93.1 MPH)
Bottom of the 6th over - 0 runs, 1 hit, 0 errors, 1 left on base; Oakland 1 - Cleveland 6
TOP OF THE 7TH
Oakland Athletics batting - Pitching for Cleveland Indians : RHP Ricardo Sousa
Pitching: RHP Bryan Booth
Now in RF: Ralph Brunskill
Batting: RHB Calvin Baird 0-0: Called Strike
0-1: Ball
1-1: Ball
2-1: Ball
3-1: Foul Ball, location: 2F
3-2: Strikes out looking
Batting: RHB Jim Miller 0-0: Ground out 4-3 (Groundball, 34, EV 88.8 MPH)
Pinch Hitting: RHB José Delgado 0-0: Ball
1-0: Ball
2-0: SINGLE (Line Drive, 56D, EV 108.8 MPH)
Batting: RHB Clarence Jones 0-0: Ground out 5-3 (Groundball, 56S, EV 89.4 MPH)
Top of the 7th over - 0 runs, 1 hit, 0 errors, 1 left on base; Oakland 1 - Cleveland 6
BOTTOM OF THE 7TH
Cleveland Indians batting - Pitching for Oakland Athletics : LHP Spike Brown
Pitching: RHP Ignacio Salazar
Now at 3B: José Delgado
Batting: RHB Mike Robinson 0-0: Called Strike
0-1: Ball
1-1: Ball
2-1: Foul Ball, location: 9LDF
2-2: Foul Ball, location: 23FF
2-2: Ball
3-2: SINGLE (Line Drive, 56D, EV 99.4 MPH)
Batting: LHB Harumi Sato 0-0: Ball
Mike Robinson steals 2nd base
1-0: Fly out, F8 (Line Drive, 89M, EV 98.1 MPH)
Batting: RHB Gonzalo González 0-0: SINGLE (Line Drive, 7LS, EV 91.9 MPH)
Mike Robinson to third
Batting: RHB Gonzalo Mendoza 0-0: Ball
1-0: Ball
2-0: Called Strike
2-1: Foul Ball, location: 25F
2-2: SINGLE (Groundball, 6MS, EV 76.3 MPH) (infield hit)
Mike Robinson scores
Gonzalo González to second
Batting: RHB Wilber Lahoda 0-0: Swinging Strike
0-1: Foul Ball, location: 3DF
0-2: Grounds into double play, 6-4-3 (Groundball, 6, EV 80.0 MPH)
Bottom of the 7th over - 1 run, 3 hits, 0 errors, 1 left on base; Oakland 1 - Cleveland 7
TOP OF THE 8TH
Oakland Athletics batting - Pitching for Cleveland Indians : RHP Bryan Booth
Batting: RHB Paul Wever 0-0: Ball
1-0: Fly out, F8 (Flyball, 8LXD, EV 80.0 MPH)
Pinch Hitting: LHB Eric Dodd 0-0: Ball
1-0: Ball
2-0: Called Strike
2-1: Fly out, F8 (Flyball, 8RD, EV 109.4 MPH)
Batting: RHB Ed Burch 0-0: Called Strike
0-1: Foul Ball, location: 2F
0-2: Foul Ball, location: 25F
0-2: Strikes out looking
Top of the 8th over - 0 runs, 0 hits, 0 errors, 0 left on base; Oakland 1 - Cleveland 7
BOTTOM OF THE 8TH
Cleveland Indians batting - Pitching for Oakland Athletics : RHP Ignacio Salazar
Pitching: RHP Nick Johnson
Now at 1B: Eric Dodd
Batting: RHB Albin Gilbert 0-0: SINGLE (Groundball, 4D, EV 103.1 MPH)
Batting: SHB Nathaniel Tomsett 0-0: Swinging Strike
0-1: SINGLE (Groundball, 3D, EV 95.0 MPH)
Albin Gilbert to second
Runner from 2nd tries for 3rd, SAFE, no throw by RF
Batting: LHB Jorge Morán 0-0: Foul Ball, location: 9LDF
0-1: Foul Ball, location: 3F
0-2: Foul Ball, location: 25F
0-2: Fly out, F7 (Flyball, 7, EV 96.9 MPH)
Runner from 3rd tags up, SCORES, throw by LF
Batting: LHB Ralph Brunskill 0-0: Called Strike
0-1: Ball
1-1: Ball
2-1: Ball
3-1: Base on Balls
Nathaniel Tomsett to second
Batting: RHB Mike Robinson 0-0: Ball
1-0: Foul Ball, location: 2F
1-1: Ball
2-1: Called Strike
2-2: SINGLE (Groundball, 6, EV 83.8 MPH)
Nathaniel Tomsett to third
Ralph Brunskill to second
Batting: LHB Harumi Sato 0-0: Called Strike
0-1: SINGLE (Flyball, 56D, EV 83.8 MPH)
Nathaniel Tomsett scores
Ralph Brunskill to third
Mike Robinson to second
Batting: RHB Gonzalo González 0-0: Called Strike
0-1: Called Strike
0-2: Ball
1-2: Foul Ball, location: 7LMF
1-2: Ball
2-2: Ball
3-2: Strikes out swinging
Batting: RHB Gonzalo Mendoza 0-0: Called Strike
0-1: Ball
1-1: Ball
2-1: SINGLE (Groundball, 6MD, EV 103.8 MPH)
Ralph Brunskill scores
Mike Robinson to third
Harumi Sato to second
Runner from 3rd tries for Home, SAFE, throw by CF to home
Pitching: RHP Ben Noble
Batting: RHB Wilber Lahoda 0-0: Called Strike
0-1: Ball
1-1: Ball
2-1: Foul Ball, location: 2F
2-2: Strikes out swinging
Bottom of the 8th over - 4 runs, 5 hits, 0 errors, 2 left on base; Oakland 1 - Cleveland 11
TOP OF THE 9TH
Oakland Athletics batting - Pitching for Cleveland Indians : RHP Bryan Booth
Pitching: LHP Mark Cox
Batting: RHB Roberto Morán 0-0: Ball
1-0: Called Strike
1-1: Ball
2-1: Foul Ball, location: 3FF
2-2: Strikes out looking
Pitching: RHP Dave Wynn
Batting: RHB Matt Farley 0-0: Foul Ball, location: 3F
0-1: Called Strike
0-2: Ground out 4-3 (Groundball, 4, EV 90.0 MPH)
Batting: RHB Calvin Baird 0-0: Swinging Strike
0-1: Ball
1-1: Ground out 4-3 (Groundball, 4, EV 81.3 MPH)
Top of the 9th over - 0 runs, 0 hits, 0 errors, 0 left on base; Oakland 1 - Cleveland 11
Saturday, March 30th , 2024 - OOTP Baseball 24.10 Build 82